[Event "Late-Titled-Tuesday-Blitz-February-13-2024"]
[Site "Chess.com"]
[Date "2024.02.13"]
[Round "6"]
[White "Burgsvik"]
[Black "ajeale2"]
[Result "0-1"]
[WhiteElo "2320"]
[BlackElo "2518"]
[TimeControl "180+1"]
[EndTime "15:07:38 PST"]
[Termination "ajeale2 won by checkmate"]

1. e4 g6 2. h4 h5 3. d4 d5 4.
e5 Bg7 5. Ne2 Nh6 6. Nf4 Nf5 7.
g3 c5 8. c3 cxd4 9. cxd4 Nc6 10.
Nc3 Nfxd4 11. Nfxd5 Bg4 12. Qa4 Nf3+ 13. Kd1 e6 14. Bb5 Nd4+ 15. Ke1 Nxb5 16. Nxb5 exd5 17. Nd6+ Kf8 18. Nxb7 Qb6 19. Qa3+ Kg8 20. Nc5 Bf8 21. Nd7 Bxa3 22. Nxb6 Bb4+ 23. Kf1 axb6 24. Kg2 Nxe5 25. Rf1 Bf3+ 26. Kg1 Be2 27. Bf4 Nf3+ 28. Kg2 Bxf1+ 29.
Kxf3 Bd3 30. a3 Bc5 31. Be5 f6 32. Bc3 Be4+ 33. Ke2 Kf7 34. f3 d4 35. Bd2 Bd5 36. f4 Rhe8+ 37. Kd3 Be4+ 38. Kc4 Ra4+ 39. Kb5 Bd3+ 40.
Kxa4 Bc4 41. Ba5 bxa5 42. Rc1 d3 43. Rd1 Rb8 44. Kxa5 Be3 45. b4 d2 46. Ka4 Be2 47. Rb1 d1=Q+ 48. Rxd1 Bxd1+ 49. Ka5 Ra8+ 50. Kb5 Be2+ 51. Kc6 Rxa3 52. b5 Rc3+ 53. Kd5 Bc4+ 54. Ke4 Bxb5 55. f5 gxf5+ 56. Kxf5 Bd7+ 57. Ke4 Rc4+ 58. Kf3 Rg4 59. Kxe3 Rxg3+ 60. Kf4 Rg4+ 61. Kf3 Rxh4 62.
Kf2 Rg4 63. Kf3 Kg6 64. Kf2 Kg5 65. Kf1 h4 66. Kf2 h3 67. Kf1 h2 68. Kf2 f5 69.
Kf1 h1=Q+ 70. Kf2 Qh2+ 71. Ke3 Qh3+ 72. Kd2 Rg2+ 73. Ke1 Qh1# 0-1

[Event "Late-Titled-Tuesday-Blitz-February-13-2024"]
[Site "Chess.com"]
[Date "2024.02.13"]
[Round "6"]
[White "AryanTari"]
[Black "AlexPapasimakopoulos"]
[Result "1-0"]
[WhiteElo "2945"]
[BlackElo "2774"]
[TimeControl "180+1"]
[EndTime "15:07:39 PST"]
[Termination "AryanTari won on time"]

1. c4 e6 2. Nf3 d5 3. e3 Nf6 4. Nc3 Be7 5. b3 b6 6. Bb2 Bb7 7. Rc1 O-O 8. Rg1 c5 9. g4 d4 10. exd4 cxd4 11. Nb5 Nc6 12. Nbxd4 Nxd4 13. Nxd4 Bc5 14.
Nc2 e5 15. Bg2 Bxg2 16. Rxg2 Re8 17. Qe2 a5 18. g5 Nd7 19. Ne3 Bxe3 20. dxe3 a4 21.
b4 a3 22. Bc3 Rc8 23. Rg4 Nf8 24. h4 Qc7 25. Re4 Qc6 26. Qg4 Nd7 27. h5 Rf8 28. Qh4 Qe6 29. Rd1 f5 30. gxf6 Nxf6 31. Rxe5 Qxc4 32.
Qxc4+ Rxc4 33. Rd3 Rfc8 34. Kd2 Ne4+ 35. Rxe4 Rxe4 36.
Rd7 Rg4 37. f4 h6 38. Kd3 b5 39. Rb7 Rd8+ 40. Bd4 Rg2 41. Ra7 Rxa2 42. Rxg7+ Kf8 43. Rh7 Rd6 44. Ra7 Rc6 45. Ke4 Rcc2 46. Kf5 Ke8 47. e4 Rh2 48. Bc5 Rxh5+ 49. Ke6 1-0

[Event "Late-Titled-Tuesday-Blitz-February-13-2024"]
[Site "Chess.com"]
[Date "2024.02.13"]
[Round "6"]
[White "JaackCamel"]
[Black "Nemsko"]
[Result "0-1"]
[WhiteElo "2195"]
[BlackElo "2386"]
[TimeControl "180+1"]
[EndTime "15:07:40 PST"]
[Termination "Nemsko won by resignation"]

1. d4 Nf6 2. c4 e6 3. Nc3 d5 4. cxd5 exd5 5. Bg5 Be7 6. e3 h6 7. Bh4 O-O 8. Bd3 c6 9. Qc2 Be6 10. Nge2 b5 11. O-O Na6 12. a3 Nc7 13. h3 a5 14.
Rad1 Na6 15. f3 b4 16. Nb1 Qb6 17. Bf2 c5 18. Bf5 Rac8 19. Bxe6 fxe6 20. dxc5 Bxc5 21. Qd3 Rfd8 22. Nd4 e5 23. Nf5 Qe6 24. Ng3 Nc7 25.
Rc1 Qb6 26. Rfe1 Ne6 27. Qg6 Nf8 28. Qf5 Qe6 29. Qd3 Qb6 30. Qf5 Qe6 31. Qd3 Bb6 32.
Rxc8 Rxc8 33. Nd2 N8d7 34. Ndf1 Nc5 35. Qg6 Qf7 36. Qf5 Qe6 37. Qg6 Qe8 38. Qf5 Rc7 39. Rd1 Qe6 40. Qg6 Qf7 41. Qf5 Qe6 42. Qg6 bxa3 43. bxa3 Qf7 44. Qf5 Qe6 45. Qg6 Qe8 46.
Qf5 Ncd7 47. Rb1 Bc5 48. a4 Bb4 49. Rd1 Nb6 50. h4 Nxa4 51. h5 Nc3 52. Ra1 a4 53. Nd2 a3 54. Nb3 a2 55. Be1 Ra7 56. Qc2 d4 57.
exd4 exd4 58. Nxd4 Qe3+ 59. Bf2 Qe5 60. Qb3+ Kh7 61.
Qc2+ Kh8 62. Ndf5 Ne2+ 63. Nxe2 Qxa1+ 64. Kh2 Qe5+ 65. f4 Qc7 66. Qe4 a1=Q 67. Qe8+ Nxe8 0-1

[Event "Late-Titled-Tuesday-Blitz-February-13-2024"]
[Site "Chess.com"]
[Date "2024.02.13"]
[Round "6"]
[White "FM_Kappeler"]
[Black "gxbg2000"]
[Result "1/2-1/2"]
[WhiteElo "2255"]
[BlackElo "2059"]
[TimeControl "180+1"]
[EndTime "15:07:40 PST"]
[Termination "Game drawn by repetition"]

1. c4 c5 2. Nf3 g6 3. g3 Bg7 4. Bg2 Nf6 5. O-O O-O 6. Nc3 Nc6 7. d4 cxd4 8. Nxd4 a6 9. a4 Qc7 10. Bg5 d6 11. Qd2 Re8 12. Rac1 Nxd4 13. Qxd4 Bf5 14. Qd2 Qa5 15. Rfd1 Rac8 16. b3 Qb6 17. e4 Be6 18. Qc2 Nd7 19. Be3 Qc7 20. Nd5 Bxd5 21. exd5 a5 22.
Re1 b6 23. h4 h5 24. Bg5 Ne5 25. Kh1 Kh7 26. Be4 f5 27. Bg2 Bf6 28. Bf4 Qc5 29. Be3 Qc7 30. Qe2 Ng4 31. Bd2 Qc5 32. Rf1 Ne5 33. Be3 Qc7 34. Bh3 e6 35. dxe6 Rxe6 36. Bxf5 gxf5 37. Qxh5+ Kg8 38. Qxf5 Qf7 39. Bxb6 Nd7 40. Bxa5 Re5 41. Qg4+ Bg7 42. Bc3 Nf6 43.
Qd1 Rf5 44. Qxd6 Qb7+ 45. Kh2 Ng4+ 46. Kh3 Nxf2+ 47. Rxf2 Rxf2 48. Qe6+ Kh7 49. Bxg7 Qg2+ 50. Kg4 Qf3+ 51. Kh3 Qg2+ 52. Kg4 Qf3+ 53. Kh3 Qg2+ 1/2-1/2

[Event "Late-Titled-Tuesday-Blitz-February-13-2024"]
[Site "Chess.com"]
[Date "2024.02.13"]
[Round "6"]
[White "snowlord"]
[Black "mr_gustavo"]
[Result "1/2-1/2"]
[WhiteElo "2849"]
[BlackElo "2731"]
[TimeControl "180+1"]
[EndTime "15:07:41 PST"]
[Termination "Game drawn by repetition"]

1. e4 c5 2. Ne2 d6 3. g3 Nf6 4. c3 g6 5. Bg2 Bg7 6. d4 cxd4 7. cxd4 O-O 8. O-O Nc6 9. h3 Bd7 10. Nbc3 Rc8 11. Be3 a6 12. f4 b5 13. b3 e5 14.
fxe5 dxe5 15. d5 Nd4 16. Rc1 Nh5 17. g4 b4 18. gxh5 bxc3 19. Nxd4 exd4 20. Bxd4 c2 21. Qd2 Bxd4+ 22. Qxd4 Qg5 23. Kh2 Qxh5 24. Rf2 Qh4 25.
Rcxc2 Rfe8 26. Rxc8 Rxc8 27. Qe3 Re8 28. a4 a5 29. Qa7 Qe7 30. Qc7 Rc8 31. Qf4 Re8 32. Bf1 Kg7 33. Bc4 f6 34. d6 Qd8 35. Bd5 Re5 36. h4 Qf8 37. Kg3 Qxd6 38. Rc2 g5 39. hxg5 Rxg5+ 40. Kf3 Qe7 41. Rc7 Kf8 42. Ra7 Qb4 43.
Rxd7 Qc3+ 44. Kf2 Qc2+ 45. Kf3 Qc3+ 46. Kf2 Qc2+ 47. Ke3 Qc1+ 48. Kf3 Qf1+ 49. Ke3 Qc1+ 50. Kf3 Qd1+ 51. Ke3 Qc1+ 1/2-1/2

[Event "Late-Titled-Tuesday-Blitz-February-13-2024"]
[Site "Chess.com"]
[Date "2024.02.13"]
[Round "6"]
[White "jcibarra"]
[Black "yaguigor"]
[Result "0-1"]
[WhiteElo "2903"]
[BlackElo "2638"]
[TimeControl "180+1"]
[EndTime "15:07:41 PST"]
[Termination "yaguigor won by checkmate"]

1. e4 c5 2. Nf3 e6 3. d3 Nc6 4.
g3 Nge7 5. Bg2 g6 6. h4 h6 7. O-O Bg7 8. c3 d5 9. Qe2 O-O 10. e5 b5 11. Bf4 a5 12. Nbd2 a4 13.
a3 Ba6 14. Rfe1 Ra7 15. Nh2 b4 16. axb4 cxb4 17. Ng4 Nf5 18. Rxa4 bxc3 19. bxc3 Bxd3 20. Qd1 Rxa4 21. Qxa4 Qa8 22. Qxa8 Rxa8 23. c4 Ncd4 24. cxd5 Ne2+ 25. Kh2 Nxf4 26. gxf4 exd5 27. Ne3 Ra2 28.
Nf3 Rxf2 29. Nxd5 Be2 30. Ng1 Bg4 31. Nh3 Ra2 32. Ne3 Nxe3 33. Rxe3 Bf5 34. Kg3 Bf8 35. Rc3 Bb4 36. Rb3 Be1+ 37. Kf3 h5 38. Bf1 Bg4+ 39.
Ke3 Bxh4 40. Ng5 Bxg5 41. fxg5 Be6 42. Rb8+ Kg7 43. Bd3 Ra4 44. Rb7 Rg4 45. Be4 Rxg5 46. Kf4 Rg4+ 47. Ke3 h4 48. Bf3 Rg5 49. Kf4 Rf5+ 50.
Ke4 Rxf3 51. Rb3 Rxb3 52. Kf4 h3 53. Kg5 h2 54. Kh4 h1=Q+ 55. Kg5 Qh6# 0-1

[Event "Late-Titled-Tuesday-Blitz-February-13-2024"]
[Site "Chess.com"]
[Date "2024.02.13"]
[Round "6"]
[White "cukricek"]
[Black "VitorBronson"]
[Result "0-1"]
[WhiteElo "2450"]
[BlackElo "2512"]
[TimeControl "180+1"]
[EndTime "15:07:41 PST"]
[Termination "VitorBronson won on time"]

1. g3 d5 2. Nf3 Bf5 3. Bg2 e6 4. d3 h6 5. Nc3 Nf6 6. O-O Be7 7. e4 dxe4 8. Ne5 Nbd7 9. dxe4 Bh7 10. Nxd7 Nxd7 11. f4 O-O 12. Qe2 c6 13. Be3 Qa5 14.
a3 Bc5 15. b4 Bxe3+ 16. Qxe3 Qb6 17. Rfe1 Qxe3+ 18. Rxe3 Nb6 19. Rd3 Rfd8 20. Rad1 Rxd3 21. Rxd3 Kf8 22. g4 Ke7 23. f5 e5 24. Bf1 f6 25.
a4 Bg8 26. a5 Nc8 27. Na4 Nd6 28. Bg2 Nb5 29. Nc5 Nd6 30. c3 b6 31. Na4 Bb3 32.
Nb2 bxa5 33. bxa5 Bc2 34. Rd2 Bxe4 35. Rxd6 Kxd6 36. Bxe4 Rb8 37. Nd3 Rb1+ 38. Kf2 Ra1 39. Nb4 c5 40. Nc6 a6 41. Ke3 Ra2 42. h4 Ra3 43. Kd3 Ra1 44. Nd8 Rg1 45. Bf3 Rg3 46. Ke4 Ke7 47. Ne6 g6 48. Nxc5 h5 49. gxh5 gxf5+ 50. Ke3 e4 51. Nxa6 Rxf3+ 52. Kd4 Rd3+ 53. Kc4 Rh3 54. Nc5 Rxh4 55. a6 Rxh5 0-1

[Event "Late-Titled-Tuesday-Blitz-February-13-2024"]
[Site "Chess.com"]
[Date "2024.02.13"]
[Round "6"]
[White "amiqu"]
[Black "Sacbutt"]
[Result "1-0"]
[WhiteElo "2159"]
[BlackElo "2308"]
[TimeControl "180+1"]
[EndTime "15:07:41 PST"]
[Termination "amiqu won by checkmate"]

1. d4 Nf6 2. Nf3 e6 3. e3 b6 4. Bd3 Bb7 5. O-O Be7 6. Nbd2 d5 7. Qe2 O-O 8. e4 dxe4 9. Nxe4 Nbd7 10. Bf4 Nd5 11. Bg3 Nb4 12. Bc4 Nf6 13. Nxf6+ Bxf6 14. c3 Nd5 15. Ne5 Bxe5 16. Bxe5 Qe7 17. Rad1 a5 18. Bd3 g6 19. Rfe1 Qh4 20. Bg3 Qg5 21. Qe5 Qxe5 22. Bxe5 Rfc8 23. Be4 c6 24. h4 h5 25. f3 a4 26. a3 Ba6 27. Kf2 Bc4 28. g4 hxg4 29.
fxg4 f5 30. gxf5 exf5 31. Bxd5+ Bxd5 32. Rg1 Kf7 33. h5 gxh5 34. Rg7+ Kf8 35. Rdg1 c5 36.
Bd6+ Ke8 37. Re7+ Kf8 38. Re5+ Kf7 39. Rxd5 Ke6 40. c4 cxd4 41. Re1+ Kd7 42. Rxd4 b5 43. c5 Rg8 44. Re7+ Kc8 45. Rc7+ Kd8 46. Be5+ Ke8 47. Rdd7 Kf8 48. Bd6+ Ke8 49. Re7+ Kd8 50. Red7+ Ke8 51. Rg7 Rxg7 52. Rxg7 Ra6 53. Rh7 Kd8 54.
Kf3 h4 55. Kf4 b4 56. axb4 a3 57. bxa3 Rxa3 58. Ke5 h3 59. Ke6 Re3+ 60. Be5 Kc8 61. c6 Re4 62. Rh8# 1-0

[Event "Late-Titled-Tuesday-Blitz-February-13-2024"]
[Site "Chess.com"]
[Date "2024.02.13"]
[Round "6"]
[White "sharkarton"]
[Black "Rinqed222"]
[Result "1-0"]
[WhiteElo "2521"]
[BlackElo "2275"]
[TimeControl "180+1"]
[EndTime "15:07:44 PST"]
[Termination "sharkarton won by checkmate"]

1. Nf3 Nf6 2. d4 g6 3. c4 Bg7 4.
g3 O-O 5. Bg2 c5 6. d5 d6 7. O-O e6 8. Nc3 exd5 9. cxd5 Na6 10.
e4 Nc7 11. Bf4 Nh5 12. Bg5 f6 13. Be3 b5 14. Re1 Re8 15. a3 Bf8 16. b4 c4 17. Nd4 Bd7 18. a4 a5 19. axb5 axb4 20. b6 bxc3 21. bxc7 Qxc7 22. Qc2 Ng7 23. Qxc3 f5 24.
f3 Be7 25. Rec1 Rxa1 26. Qxa1 Bf6 27. Qa6 Rc8 28. f4 Qc5 29. Nxf5 Qc7 30. Nxd6 Rb8 31. Nxc4 Bb5 32. Qd6 Qxd6 33. Nxd6 Bd7 34. e5 Be7 35. Ne4 Nf5 36. e6 Be8 37. Bf2 Nd6 38. Nxd6 Bxd6 39. Bc5 Rc8 40. Be3 Rxc1+ 41. Bxc1 Bb5 42. Kf2 Kf8 43.
Ke3 Ke7 44. Kd4 Bb8 45. Ba3+ Kf6 46. g4 Ba7+ 47. Ke4 Ba4 48. g5+ Kg7 49. d6 Bc2+ 50.
Ke5 Bf5 51. e7 Bd7 52. Bb2 Be8 53. Bd5 Bf2 54. Ke6+ Kg8 55. d7 Bf7+ 56. Kd6 Bb6 57. e8=Q# 1-0

[Event "Late-Titled-Tuesday-Blitz-February-13-2024"]
[Site "Chess.com"]
[Date "2024.02.13"]
[Round "6"]
[White "Savagelittlemole"]
[Black "azikom"]
[Result "0-1"]
[WhiteElo "2453"]
[BlackElo "2698"]
[TimeControl "180+1"]
[EndTime "15:07:45 PST"]
[Termination "azikom won by resignation"]

1. e4 Nf6 2. Nc3 d5 3. exd5 Nxd5 4. Nge2 Nb6 5. g3 Nc6 6. Bg2 Bg4 7. O-O e6 8. h3 Bh5 9. d3 Qd7 10. Bf4 e5 11. Be3 f5 12. a4 a6 13. a5 Nc8 14.
Qd2 Bd6 15. d4 e4 16. Nf4 Bf7 17. g4 fxg4 18. Nxe4 O-O 19. hxg4 Qxg4 20. Nxd6 Nxd6 21. Qe2 Qxe2 22. Nxe2 Bc4 23. Rfe1 Nb4 24. Rac1 Bd5 25. Nf4 Bxg2 26. Kxg2 Rae8 27. c3 Nc6 28. d5 Nxa5 29.
Ne6 Rf7 30. Bd4 Nb3 31. Rcd1 Nxd4 32. Rxd4 h6 33. Rd3 a5 34. Rde3 b5 35. b3 Ree7 36. Ra1 Rf5 37. Rxa5 Rxd5 38. Ra8+ Re8 39. Nxc7 Rxa8 40. Nxa8 Nf5 41. Re8+ Kf7 42. Rb8 Nh4+ 43. Kg3 g5 44. Nc7 Rd3+ 45. Kg4 Rxc3 46. Rxb5 Rxc7 47. Kh5 Kg7 48. f4 Nf3 49. Rf5 Nd4 50. Rd5 Ne6 51.
fxg5 Nf4+ 0-1

[Event "Late-Titled-Tuesday-Blitz-February-13-2024"]
[Site "Chess.com"]
[Date "2024.02.13"]
[Round "6"]
[White "subham777"]
[Black "Alex_Sahakyan2006"]
[Result "0-1"]
[WhiteElo "2538"]
[BlackElo "2873"]
[TimeControl "180+1"]
[EndTime "15:07:46 PST"]
[Termination "Alex_Sahakyan2006 won on time"]

1. e4 e5 2. Nf3 Nc6 3. Bc4 Nf6 4. d3 Bc5 5. c3 d6 6. Nbd2 a6 7. Nf1 h6 8. Ng3 Ba7 9. Be3 Bxe3 10. fxe3 Na5 11.
Bd5 c6 12. Bxf7+ Kxf7 13. b4 b5 14. bxa5 Qxa5 15. Qd2 Rf8 16. O-O Kg8 17. Nh4 d5 18. exd5 cxd5 19. Nhf5 Be6 20. e4 dxe4 21. Nxe4 Bxf5 22.
Rxf5 Nxe4 23. dxe4 Qb6+ 24. Kh1 Rad8 25. Rxf8+ Kxf8 26. Rf1+ Kg8 27. Qe2 Qe6 28. h3 Rc8 29.
Rf3 Qc4 30. Rd3 Rf8 31. Kh2 Kh7 32. a3 Rf4 33. Re3 Qxe2 34. Rxe2 Rf1 35. Rb2 Ra1 36. Rb3 Re1 37. a4 bxa4 38. Rb4 Ra1 39. c4 a3 40. Ra4 a2 41. Rxa6 Rc1 42. Rxa2 Rxc4 43. Re2 Kg6 44. Kg3 Kg5 45. Kf3 Rc3+ 46. Kf2 Kf4 47. Re1 Rc2+ 48.
Kg1 h5 49. Kh1 Rc4 0-1

[Event "Late-Titled-Tuesday-Blitz-February-13-2024"]
[Site "Chess.com"]
[Date "2024.02.13"]
[Round "6"]
[White "C_K_G"]
[Black "alexrustemov"]
[Result "0-1"]
[WhiteElo "2170"]
[BlackElo "2821"]
[TimeControl "180+1"]
[EndTime "15:07:48 PST"]
[Termination "alexrustemov won on time"]

1. e4 e6 2. Nf3 d5 3. Nc3 Nf6 4.
e5 Nfd7 5. d4 Be7 6. Ne2 b6 7.
Ng3 c5 8. c3 Ba6 9. Bd3 Qc8 10.
O-O Bxd3 11. Qxd3 Qa6 12. Qd1 Nc6 13. Nh5 g6 14. Nf4 cxd4 15. cxd4 Rc8 16. a3 Na5 17. h4 Qc4 18. Re1 Qc2 19. b4 Qxd1 20. Rxd1 Nc4 21. Be3 h5 22. Rdc1 O-O 23. Nh3 a5 24. Bg5 Bxg5 25. Nhxg5 Ra8 26. Kf1 Ra7 27. bxa5 Rxa5 28. Rc3 Rfa8 29. Ke2 b5 30. Rb3 Nxa3 31. Nd2 Nc4 32. Rxa5 Rxa5 33. Ngf3 Ndb6 34. Ne1 Ra2 35.
Nf3 Nxd2 36. Nxd2 Nc4 37. Rd3 Kf8 38. Ke1 Ke7 39. Nb3 Kd7 40. Nc5+ Ke7 41. g3 Ra3 42. Rxa3 Nxa3 43. Kd2 Nc4+ 44. Kc3 Na5 45. f3 Nc6 46. g4 b4+ 47. Kd3 Kf8 48. Na6 g5 49. hxg5 h4 50.
Ke3 b3 51. Nc5 b2 52. Kd2 b1=Q 0-1

[Event "Late-Titled-Tuesday-Blitz-February-13-2024"]
[Site "Chess.com"]
[Date "2024.02.13"]
[Round "6"]
[White "AradNazari"]
[Black "GlavkonVVS"]
[Result "1-0"]
[WhiteElo "2776"]
[BlackElo "2566"]
[TimeControl "180+1"]
[EndTime "15:07:51 PST"]
[Termination "AradNazari won by checkmate"]

1. e4 Nf6 2. Nc3 d5 3. e5 Nfd7 4. Nxd5 Nxe5 5. Ne3 c5 6. Nf3 Nbc6 7. Nxe5 Nxe5 8. Nc4 Nc6 9. b3 e5 10. Bb2 f6 11. Bd3 Be6 12. f4 exf4 13. Qe2 Qe7 14. O-O-O O-O-O 15. Qf2 g5 16. Rde1 Qf7 17. Kb1 Nb4 18.
Be4 Be7 19. h4 h6 20. d4 Bxc4 21. bxc4 f5 22. Bf3 Qxc4 23. a3 Qa2+ 24. Kc1 Bf6 25. axb4 cxd4 26. Qe2 Rhe8 27. Qb5 Qf7 28. Qxf5+ Kb8 29.
Kb1 Qf8 30. Rxe8 Rxe8 31. Qb5 Qe7 32. Rd1 Rd8 33. Rd2 a6 34. Qb6 Qe1+ 35. Bc1 Qe7 36. Re2 Qd7 37. Qxf6 d3 38. cxd3 Qxd3+ 39. Rc2 Rc8 40.
Qe5+ Ka8 41. Qb2 g4 42. Be2 Qe4 43. Bxg4 Rxc2 44. Qxc2 Qxb4+ 45. Qb2 Qe4+ 46. Qc2 Qxg2 47. Qxg2 h5 48. Bf3 Ka7 49. Qg7 Kb6 50. Qxb7+ Kc5 51.
Qd5+ Kb4 52. Bd2+ Ka3 53. Qa5+ Kb3 54. Bd5# 1-0

[Event "Late-Titled-Tuesday-Blitz-February-13-2024"]
[Site "Chess.com"]
[Date "2024.02.13"]
[Round "6"]
[White "ACollins05"]
[Black "TheCavemanChess"]
[Result "0-1"]
[WhiteElo "2456"]
[BlackElo "2676"]
[TimeControl "180+1"]
[EndTime "15:07:51 PST"]
[Termination "TheCavemanChess won on time"]

1. d4 Nf6 2. c4 e6 3. Nf3 d5 4. g3 Bb4+ 5. Nbd2 Be7 6. Bg2 O-O 7. O-O c6 8. Qc2 Nbd7 9. e4 dxe4 10. Nxe4 Nxe4 11. Qxe4 c5 12. Rd1 cxd4 13. Nxd4 Nc5 14. Qe2 Qb6 15. Be3 Bd7 16. Nb5 Bxb5 17. cxb5 Qa5 18.
Bd2 Qa4 19. b4 Nd7 20. Bxb7 Rad8 21. Bc6 Bf6 22. Rac1 Qxa2 23. Qe3 Ne5 24. Bc3 Ng4 25. Qf3 Bxc3 26. Qxg4 Bf6 27. h4 Rd2 28. Rxd2 Qxd2 29.
Rd1 Qb2 30. Qe4 Rd8 31. Rxd8+ Bxd8 32. Qd3 Bb6 33. Qf3 f5 34. Bd7 Kf7 35. Bc8 Kf6 36.
g4 g6 37. g5+ Ke5 38. Qg3+ Kd5 39. Qd3+ Bd4 40. Qf3+ Kd6 41. Qc6+ Ke5 42. Qc7+ Ke4 43. Bb7+ Kd3 44. Qg3+ Kc4 45. Bc8 e5 46. Be6+ Kxb4 47. Bg8 e4 48. Bxh7 Be5 49. Qg2 Qc1+ 50. Qf1 Qf4 51. Qg2 e3 52. fxe3 Qxe3+ 53. Kh1 Bd4 54. Bxg6 Qe1+ 55. Kh2 Qxh4+ 56. Qh3 Be5+ 57. Kg2 Qxg5+ 58.
Kf3 Qxg6 59. Qh4+ Kxb5 60. Qh2 Qg4+ 0-1

[Event "Late-Titled-Tuesday-Blitz-February-13-2024"]
[Site "Chess.com"]
[Date "2024.02.13"]
[Round "6"]
[White "ChessSkool"]
[Black "Nf3c5"]
[Result "1/2-1/2"]
[WhiteElo "2711"]
[BlackElo "2548"]
[TimeControl "180+1"]
[EndTime "15:07:52 PST"]
[Termination "Game drawn by repetition"]

1. d4 d5 2. Nf3 e6 3. Bf4 c5 4. e3 Nf6 5. c3 Bd6 6. Nbd2 Qc7 7. Bg3 Nbd7 8. Bd3 O-O 9. O-O e5 10. dxe5 Nxe5 11. Nxe5 Bxe5 12. Nf3 Bxg3 13. hxg3 b6 14. Qa4 Bb7 15. Qf4 Qe7 16. Rad1 Rad8 17. g4 Ne4 18. Nd2 Nd6 19. Rfe1 Rfe8 20. Nf1 a6 21. Ng3 g6 22. g5 Qe5 23. Qxe5 Rxe5 24. f4 Re7 25. Kf2 Rde8 26. Re2 Kg7 27. Nf1 h6 28.
gxh6+ Kxh6 29. Red2 Kg7 30. b3 b5 31. Bc2 Ne4+ 32.
Bxe4 Rxe4 33. Re1 a5 34. Nh2 b4 35. cxb4 axb4 36. Nf3 f6 37. Rc2 c4 38. Nd4 c3 39.
Rcc1 Ra8 40. Ra1 Bc8 41. Kf3 Re7 42. g4 Rea7 43. Re2 Ba6 44. Rf2 Bd3 45. Nc6 Be4+ 46. Kg3 Rb7 47. f5 Ra6 48. Nd4 Rba7 49. Rh2 g5 50. Ne6+ Kg8 51. Nd4 Ra3 52. Rf2 c2 53.
Nxc2 Rxa2 54. Rxa2 Rxa2 55. Nxb4 Ra3 56. Rb2 Ra1 57. Nc6 Rg1+ 58. Kh3 Rh1+ 59. Kg3 Rg1+ 60. Kh2 Rh1+ 61. Kg3 Rg1+ 1/2-1/2

[Event "Late-Titled-Tuesday-Blitz-February-13-2024"]
[Site "Chess.com"]
[Date "2024.02.13"]
[Round "6"]
[White "JoakimVonAnd"]
[Black "verrbaa"]
[Result "1-0"]
[WhiteElo "2691"]
[BlackElo "2501"]
[TimeControl "180+1"]
[EndTime "15:07:52 PST"]
[Termination "JoakimVonAnd won on time"]

1. c4 e5 2. Nf3 Nc6 3. d4 exd4 4.
Nxd4 Nf6 5. Nc3 Bb4 6. g3 O-O 7. Bg2 Bxc3+ 8. bxc3 Re8 9. O-O Ne5 10. c5 d6 11. cxd6 Qxd6 12. e4 Ng6 13. Re1 c6 14. f4 Qc7 15. e5 Nd5 16. Qb3 Rd8 17. Ba3 Nge7 18. Bd6 Qb6 19. Qxb6 axb6 20. c4 Nc3 21.
Rec1 Nf5 22. Nxf5 Ne2+ 23. Kf2 Nxc1 24. Ne7+ Kh8 25. Rxc1 Rxa2+ 26. Kg1 Bg4 27. h3 Be2 28. Be4 h5 29. Nf5 Rda8 30. Nd4 Ra1 31. Nxe2 Rxc1+ 32. Nxc1 Ra1 33. Kf2 Rxc1 34. Bd3 g6 35. Bc7 Rc3 36. Ke2 Rb3 37. Kd2 Kg8 38. Kc2 Rb4 39. Kc3 c5 40. Be4 Kf8 41. Bxb7 Rb1 42. Bd5 Rg1 43. g4 hxg4 44. hxg4 Rxg4 45. e6 fxe6 46. Bxe6 Rg3+ 47. Kd2 Rf3 48. Ke2 Rb3 49. Bd5 Ke7 50. Be5 Rb1 51.
Kf3 Rc1 52. Kg4 Rg1+ 53. Kh4 Rf1 54. Kg5 Rg1+ 55. Kh6 Kd7 56. Bf7 Rc1 57. Kxg6 Rd1 58. Bd5 b5 59. f5 b4 60. f6 b3 61. f7 Rf1 62. Kg7 1-0

[Event "Late-Titled-Tuesday-Blitz-February-13-2024"]
[Site "Chess.com"]
[Date "2024.02.13"]
[Round "6"]
[White "Polish_fighter3000"]
[Black "rezamahdavi2008"]
[Result "1-0"]
[WhiteElo "3072"]
[BlackElo "2859"]
[TimeControl "180+1"]
[EndTime "15:07:53 PST"]
[Termination "Polish_fighter3000 won by resignation"]

1. e4 c5 2. Nf3 e6 3. d4 cxd4 4. Nxd4 Nf6 5. Nc3 Nc6 6. Be2 Bb4 7. O-O Bxc3 8. bxc3 Nxe4 9. Nxc6 dxc6 10. Bd3 Nc5 11. Qg4 Qf6 12. Bg5 Qxc3 13. Rad1 O-O 14. Bd2 Qf6 15.
Bxh7+ Kxh7 16. Qh5+ Kg8 17. Qxc5 Qf5 18. Qe7 b6 19. Rfe1 Ba6 20. Bc3 Qxc2 21. Rc1 Qf5 22. Re5 Qf4 23. Rce1 Rfe8 24. Qa3 Bd3 25. R5e3 Bg6 26.
Be5 Qc4 27. Rc3 Qd5 28. Rg3 Rad8 29. h4 Qd2 30. Bc3 Qh6 31. Qxa7 Ra8 32. Qxb6 Rxa2 33.
Qd4 c5 34. Qe5 f6 35. Qxc5 e5 36. Qc4+ Bf7 37. Qg4 Raa8 38. Bd2 Qh7 39. Qf3 Be6 40. Qxf6 Bf5 41. Qg5 Rf8 42. Rxe5 Ra4 43. Bf4 Ra1+ 44. Kh2 Ra2 45. Be3 Ra5 46. Rxa5 Be6 47. Qxg7+ Qxg7 48. Rxg7+ Kxg7 49. Ra6 Bf7 50. Bh6+ Kg8 51. Bxf8 Kxf8 52. Ra7 Kg7 53. g4 Kf6 54. Kg3 Ke5 55. f4+ Kf6 56. g5+ Kg7 57. f5 Kh7 58. Rxf7+ Kg8 59. g6 Kh8 60. h5 Kg8 61. h6 1-0

[Event "Late-Titled-Tuesday-Blitz-February-13-2024"]
[Site "Chess.com"]
[Date "2024.02.13"]
[Round "6"]
[White "protectiago"]
[Black "fmcabralis"]
[Result "0-1"]
[WhiteElo "2098"]
[BlackElo "2236"]
[TimeControl "180+1"]
[EndTime "15:07:54 PST"]
[Termination "fmcabralis won by checkmate"]

1. d4 d5 2. c4 e6 3. g3 Nf6 4. Nf3 Be7 5. Bg2 O-O 6. O-O dxc4 7. Qc2 b5 8. a4 b4 9. Nbd2 Nd5 10. Nxc4 a5 11.
e4 Nb6 12. Bf4 Ba6 13. b3 N8d7 14. Rfc1 c5 15. Nxb6 Qxb6 16. dxc5 Bxc5 17. e5 Rac8 18. Ng5 g6 19. Ne4 Bd4 20. Qd2 Bxa1 21. Rxa1 Rfd8 22.
Bg5 Nxe5 23. Bxd8 Rxd8 24. Qh6 Ng4 25. Qh4 f5 26. h3 fxe4 27. hxg4 Qd4 28. Re1 Bd3 29.
Qe7 Rf8 30. Qxe6+ Rf7 31. Qe8+ Kg7 32. Kh2 Qxf2 33. Rg1 Qe3 34. Qe5+ Kg8 35. Qe8+ Kg7 36.
Qe5+ Kh6 37. Rd1 Be2 38. g5+ Qxg5 39. Qxg5+ Kxg5 40. Rd5+ Kg4 41. Bxe4 Rf2+ 42. Kg1 Rf6 43. Bg2 Kxg3 44. Re5 Bg4 45. Re3+ Kf4 46. Re4+ Kf5 47. Rc4 Rd6 48. Rc5+ Kf4 49. Rc4+ Kg5 50. Rc5+ Kf6 51. Rxa5 Rd1+ 52. Kf2 Rd2+ 53. Kg3 Bf5 54. Bd5 Rd3+ 55.
Kf4 g5# 0-1

[Event "Late-Titled-Tuesday-Blitz-February-13-2024"]
[Site "Chess.com"]
[Date "2024.02.13"]
[Round "6"]
[White "IMRosen"]
[Black "Jarrahi2452"]
[Result "0-1"]
[WhiteElo "2628"]
[BlackElo "2822"]
[TimeControl "180+1"]
[EndTime "15:07:55 PST"]
[Termination "Jarrahi2452 won by resignation"]

1. d4 d5 2. Bf4 c5 3. Nc3 Nf6 4. e4 dxe4 5. dxc5 Bd7 6. Nb5 Na6 7. c3 g6 8. b4 Bg7 9. Bc4 O-O 10. Ne2 Bxb5 11. Bxb5 Nb8 12. O-O Nc6 13. Qb3 Qc8 14. h3 h6 15. Rfe1 g5 16. Bh2 Rd8 17. Bc4 e6 18.
Rad1 Rxd1 19. Rxd1 Qe8 20. Bd6 Ne7 21. Nd4 Ned5 22.
Be2 e3 23. fxe3 Nxe3 24. Re1 Nfd5 25. Bf3 Qd7 26. a4 Re8 27. Ne2 f5 28. c4 Nxb4 29. Qxb4 Nc2 30. Qd2 Nxe1 31. Qxe1 Qxa4 32. Bxb7 Qxc4 33.
Kh1 e5 34. Ng3 Qd3 35. Nh5 e4 36. Nxg7 Kxg7 37. c6 Qxd6 38. Qc3+ Qf6 39. Qxf6+ Kxf6 40. c7 f4 41. c8=Q Rxc8 42. Bxc8 a5 43. Bd7 Ke5 44. Kg1 Kd4 45. Kf2 Kc3 46. Bc6 e3+ 47. Ke2 Kb3 48. g3 a4 49. gxf4 gxf4 50. Bd5+ Kb2 51. Kf3 a3 52. Bc4 a2 53. Kxf4 a1=Q 54. Kxe3 Qc1+ 55. Kd4 Qc3+ 56. Kd5 Qxh3 57. Kd6 Qc3 58. Bf7 Qf6+ 59. Be6 h5 60. Kd7 Qxe6+ 61. Kxe6 h4 62. Kf5 h3 63. Kg4 h2 64. Kg3 h1=Q 0-1

[Event "Late-Titled-Tuesday-Blitz-February-13-2024"]
[Site "Chess.com"]
[Date "2024.02.13"]
[Round "6"]
[White "djano"]
[Black "EsmeraldasAnderson03"]
[Result "0-1"]
[WhiteElo "2659"]
[BlackElo "2454"]
[TimeControl "180+1"]
[EndTime "15:07:58 PST"]
[Termination "EsmeraldasAnderson03 won by resignation"]

1. e4 c5 2. Nc3 Nc6 3. Bb5 Nd4 4. Nf3 Nxb5 5. Nxb5 a6 6. Nc3 d6 7. d4 cxd4 8. Qxd4 Nf6 9. Bg5 e5 10. Qb4 a5 11. Qb3 Be7 12. Rd1 O-O 13. Bxf6 Bxf6 14. Nd5 Be6 15. O-O Bxd5 16. Rxd5 Qc7 17. Rfd1 Be7 18.
a4 Rfc8 19. c3 b6 20. g3 Qc4 21. Qc2 h6 22. Kg2 Bf8 23. Nd2 Qe2 24. Qb1 Rab8 25.
Rd3 b5 26. Re1 Qg4 27. axb5 Rxb5 28. Nf1 Rcb8 29. Rd2 a4 30. Ne3 Qg6 31. Nf5 Rb3 32.
Qa2 a3 33. bxa3 Rxc3 34. a4 Ra8 35. Re3 Rc6 36. a5 Rca6 37. Rd5 Qe6 38. Rb3 Qc8 39. Rdb5 Qc4 40. R5b4 Qc7 41. Rb7 Qc4 42. R7b4 Qc7 43.
Ra4 Rxa5 44. Rxa5 Rxa5 45. Qe2 Qc6 46. Qf3 Ra4 47. Re3 g6 48. Nh4 Rd4 49. Qg4 Kh7 50. Nf3 f5 51. Qh4 Rxe4 52. Rxe4 fxe4 53. Ne1 e3+ 54.
Nf3 exf2 55. Qf6 Bg7 56. Qf7 g5 57. g4 Qe4 58. h3 Qf4 59. Qc4 Qxc4 0-1